AoeStats
← Topi-Petteri

Black Forest

506881112Analyzed
1v1 RM · 17d ago on Sep 15, 2026· 31m 40s· 2 players
Game mode
Random Map
Map size
Tiny (2 player)
Population
200
Speed
Normal
Resources
Standard
Victory
Conquest
Starting age
Dark Age
Ending age
Imperial Age
RankedLock teamsTeams togetherTeam positionsShared explorationLock speedFull tech treeHidden civsTurbo modeCheats
Victory
Defeat
🇫🇮 Poles · Finland
739
+16
🇬🇧 Bohemians · United Kingdom
745
-16
Topi-Petteri
11:05 Feudal Age
11:36 Loom
11:34 Man-at-Arms
17:34 Wheelbarrow
22:31 Castle Age
20:36 Double-Bit Axe
20:33 Horse Collar
21:37 Stone Mining
21:41 Gold Mining
21:54 Scale Mail Armor
22:01 Scale Barding Armor
23:57 Bow Saw
24:13 Hand Cart
27:34 Light Cavalry
28:25 Bloodlines
28:15 Husbandry
28:33 Forging
31:26 Long Swordsman
32:11 Husbandry
charmandy93tag
12:27 Feudal Age
13:16 Loom
17:37 Castle Age
29:00 Horse Collar
29:11 Double-Bit Axe
29:57 Heavy Plow
Connection lost

Rejoining the realm…

Still unreachable

The connection could not be restored.

Session expired

The server has moved on; the page needs a fresh start.